 Dungeon Crawl Stone Soup version 0.21-a0-286-g6fcecc0 (webtiles) character file.

338 tidbits the Insei (level 6, 0/46 HPs)
             Began as a Demigod Transmuter on Sept 26, 2017.
             Slain by a wyvern (3 damage)
             ... on level 6 of the Dungeon.
             The game lasted 00:11:10 (2012 turns).

tidbits the Insei (Demigod Transmuter)              Turns: 2012, Time: 00:11:11

Health: 0/46       AC:  3    Str: 13    XL:     6   Next: 7%
Magic:  3/11       EV: 12    Int: 19    God:
Gold:   231        SH:  6    Dex: 18    Spells: 3/9 levels left

rFire    . . .     SeeInvis .     - Unarmed
rCold    . . .     Gourm    .   (no shield)
rNeg     . . .     Faith    .   b - +0 robe
rPois    .         Spirit   .   E - +0 helmet
rElec    .         Reflect  +   (no cloak)
rCorr    .         Harm     .   (no gloves)
MR       .....                  (no boots)
Stlth    ++........             h - +6 amulet of reflection
HPRegen  0.15/turn              (no ring)
MPRegen  0.12/turn              (no ring)

@: no status effects
A: high mp 1
a: no special abilities


You were on level 6 of the Dungeon.
You were not hungry.

You visited 1 branch of the dungeon, and saw 6 of its levels.

You collected 231 gold pieces.

Inventory:

Missiles
 a - 44 arrows
Armour
 b - a +0 robe (worn)
 f - a cursed +0 ring mail
 E - a +0 helmet (worn)
 F - a +0 pair of boots
Jewellery
 h - a +6 amulet of reflection (around neck)
   (You found it on level 1 of the Dungeon)
Wands
 r - a wand of paralysis (2/24)
Scrolls
 g - a scroll of blinking {unknown}
 j - 2 scrolls of identify {unknown}
 k - a scroll of immolation {unknown}
 l - a scroll of remove curse {unknown}
 q - a scroll of noise {unknown}
 t - a scroll of fog {unknown}
 u - a scroll of amnesia {unknown}
 v - a scroll of teleportation {unknown}
Potions
 e - a potion of heal wounds {unknown}
 n - a potion of flight {unknown}
 o - a potion of curing {unknown}
 p - a potion of mutation {unknown}
 s - a potion of degeneration {unknown}
Books
 c - a book of Changes

   Spells                             Type                      Level
   a - Beastly Appendage              Transmutation                1
   b - Sticks to Snakes               Transmutation                2
   c - Spider Form                    Transmutation/Poison         3
   d - Ice Form                       Ice/Transmutation            4
   e - Blade Hands                    Transmutation                5
Comestibles
 d - 6 bread rations
 i - 2 royal jellies
 m - 2 fruits
 w - 4 chunks of flesh


   Skills:
 - Level 0.8 Fighting
 - Level 1.7 Dodging
 * Level 5.2 Unarmed Combat
 - Level 2.0 Spellcasting
 + Level 4.0 Transmutations


You had 3 spell levels left.
You knew the following spells:

 Your Spells              Type           Power        Failure   Level  Hunger
e - Beastly Appendage     Tmut           ###...       3%          1    #......
k - Sticks to Snakes      Tmut           ###.....     4%          2    ###....
p - Spider Form           Tmut/Pois      #.........   22%         3    ###....


Dungeon Overview and Level Annotations

Branches:
Dungeon (6/15)
 Temple: D:4-7


Innate Abilities, Weirdness & Mutations

You have an increased reservoir of magic. (+10% MP)


Message History

Your ball python bites the adder skeleton.
Your ball python closely misses the adder skeleton.
Your ball python completely misses the adder skeleton.
Your ball python grabs the adder skeleton.
Your ball python constricts the adder skeleton.
The adder skeleton bites your ball python.
Your ball python dies!
You hit the adder skeleton.
You destroy the adder skeleton!
Your ball python withers and dies!
Found a leather armour and 14 gold pieces.
Found a scroll labeled YRUIBU VEHUSOTS and 12 arrows.
Found 17 gold pieces.
A leopard gecko comes into view.
The leopard gecko moves out of view.
j - 2 scrolls labeled YRUIBU VEHUSOTS (gained 1)
The leopard gecko hisses angrily.
Found 7 gold pieces.
You see here a leather armour.
A leopard gecko comes into view.
You see here 14 gold pieces.
Casting: Sticks to Snakes
Confirm with . or Enter, or press ? or * to list all spells.
You turn into a venomous arachnid creature.
Your +0 helmet melds into your body.
Your +0 robe melds into your body.
The leopard gecko hisses angrily.
The leopard gecko closely misses you.
You closely miss the leopard gecko. The leopard gecko misses you.
The leopard gecko closely misses you.
You bite the leopard gecko!
You kill the leopard gecko!
You hear the slow rusting of a distant drain.
You block the leopard gecko's attack.
You hit the leopard gecko.
You kill the leopard gecko!
Things that are here:
a leopard gecko corpse x2
You now have 231 gold pieces (gained 14).
Your transformation is almost over.
A wyvern comes into view.
Things that are here:
a leopard gecko corpse x2
The wyvern moves out of view.
The wyvern hisses angrily.
An adder skeleton comes into view.
Casting: Spider Form
Confirm with . or Enter, or press ? or * to list all spells.
You create a snake!
You now have 44 arrows.
The wyvern barely misses you.
Your transformation has ended.
Your +0 helmet unmelds from your body.
Your +0 robe unmelds from your body.
The wyvern closely misses you.
Your ball python barely misses the wyvern.
You closely miss the wyvern. The wyvern bites you!
Your ball python barely misses the wyvern.
Casting: Sticks to Snakes
Confirm with . or Enter, or press ? or * to list all spells.
You don't have enough magic to cast that spell.
The wyvern bites you!
* * * LOW HITPOINT WARNING * * *
Your ball python closely misses the wyvern.
You block the wyvern's attack.
Casting: Sticks to Snakes
Confirm with . or Enter, or press ? or * to list all spells.
You don't have enough magic to cast that spell.
Your ball python completely misses the wyvern.
The adder skeleton bites your ball python.
Your ball python bites the adder skeleton.
Your ball python barely misses the adder skeleton.
The wyvern closely misses you.
Your ball python barely misses the wyvern.
Your ball python bites the adder skeleton.
Your ball python grabs the adder skeleton.
Your ball python constricts the adder skeleton.
The adder skeleton struggles to escape constriction.
Something releases its grip on the adder skeleton.
The wyvern closely misses you. The wyvern bites you!
* * * LOW HITPOINT WARNING * * *
Evoke which item? (* to show all) (? for menu, Esc to quit)
Aiming: Paralyse (will waste charges)
Press: ? - help, Shift-Dir - straight line, f - wyvern
Aim: a wyvern (chance to defeat MR: 46%)
Okay, then.
Okay, then.
Evoke which item? (* to show all) (? for menu, Esc to quit)
Aiming: Paralyse (will waste charges)
Press: ? - help, Shift-Dir - straight line, f - wyvern
Aim: a wyvern (chance to defeat MR: 46%)
The wyvern resists with some effort.
Evoking this partially-identified wand wasted a few charges.
The wyvern bites you.
* * * LOW HITPOINT WARNING * * *
Evoke which item? (* to show all) (? for menu, Esc to quit)
Aiming: Paralyse (will waste charges)
Press: ? - help, Shift-Dir - straight line, f/p - wyvern
Aim: a wyvern (chance to defeat MR: 46%)
The wyvern resists with some effort.
Evoking this partially-identified wand wasted a few charges.
The wyvern bites you.
You die...

..Z...#.(≈#...#...#≈#.#
# ##..≈#.†.#≈#.#≈.....
..###...S≈..#≈#≈#≈###.#.
#....$...≈#≈.##≈##
#.#######.≈#....$. #
#S##.#####. #Z...#
#l##.# #@# # #.# #.# ..#
###


You could see a wyvern, an adder skeleton and a friendly ball python.

Vanquished Creatures
  Prince Ribbit (D:6)
  A hound (D:2)
  A bullfrog skeleton (D:5)
  An adder (D:6)
  A shadow imp (D:5)
  2 oozes
  An adder zombie (D:5)
  2 adder skeletons
  2 worms (D:2)
  3 dart slugs
  5 leopard geckos
  An orc (D:4)
  6 bats
  A giant cockroach (D:5)
  2 goblins
  3 hobgoblins
  3 jackals (D:3)
  6 kobolds
  A quokka (D:3)
  A ball python (D:1)
  4 frilled lizards
  4 rats
52 creatures vanquished.

Vanquished Creatures (collateral kills)
  A worm (D:2)
  A bat (D:1)
  A goblin (D:2)
3 creatures vanquished.

Grand Total: 55 creatures vanquished

Notes
Turn   | Place    | Note
-------+----------+-------------------------------------------
     0 | D:1      | tidbits the Demigod Transmuter began the quest for the Orb.
     0 | D:1      | Reached XP level 1. HP: 15/15 MP: 5/5
   177 | D:1      | Reached skill level 2 in Transmutations
   246 | D:1      | Reached skill level 2 in Spellcasting
   246 | D:1      | Reached XP level 2. HP: 12/22 MP: 5/7
   252 | D:1      | Learned a level 2 spell: Sticks to Snakes
   280 | D:1      | HP: 2/22 [ooze (3)]
   281 | D:1      | Reached skill level 3 in Unarmed Combat
   639 | D:2      | Reached XP level 3. HP: 20/27 MP: 6/8
   644 | D:2      | Learned a level 3 spell: Spider Form
   651 | D:2      | Found a burning altar of Makhleb.
   688 | D:2      | Reached skill level 3 in Transmutations
  1001 | D:3      | Reached XP level 4. HP: 34/34 MP: 6/9
  1190 | D:3      | Found a white marble altar of Elyvilon.
  1490 | D:5      | Entered Level 5 of the Dungeon
  1665 | D:5      | Reached skill level 4 in Unarmed Combat
  1938 | D:6      | Noticed Prince Ribbit
  1955 | D:6      | Killed Prince Ribbit
  1955 | D:6      | Reached skill level 5 in Unarmed Combat
  1955 | D:6      | Reached skill level 4 in Transmutations
  1955 | D:6      | Reached XP level 5. HP: 26/39 MP: 1/10
  1955 | D:6      | Reached XP level 6. HP: 31/46 MP: 1/11
  1995 | D:6      | Noticed a wyvern
  2011 | D:6      | HP: 2/46 [wyvern (6)]
  2012 | D:6      | Slain by a wyvern

Vault maps used:
D:1:      nicolae_arrival_somewhat_less_tricky_arrival
D:2:      lemuel_zombie_altar_kikubaaqudgha, makhleb_heckhound_becter,
          serial_curves, eino_curves_02, eino_curves_02, first_bread,
          hangedman_abyss_or_decor_lesser_grid
D:3:      lemuel_crystal_altar
D:5:      temple_doors_cd
D:6:      gup_sewer_entry_glass, nicolae_water_bricks, uniq_blork_the_orc,
          uniq_prince_ribbit1

Skill      XL: |  1  2  3  4 |
---------------+-------------+-----
Transmutations | 2 3 4 |  4.0
Spellcasting   | 2 |  2.0
Unarmed Combat | 3 5 |  5.2
Fighting       | |  0.8
Dodging        | |  1.7

Action                   |  1- 3 |  4- 6 || total
-------------------------+-------+-------++-------
Melee: Unarmed           |    89 |    67 ||   156
       Kick              |    11 |       ||    11
       Headbutt          |     7 |       ||     7
 Cast: Beastly Appendage |    15 |       ||    15
       Sticks to Snakes  |     6 |     6 ||    12
       Spider Form       |     4 |    13 ||    17
Evoke: Wand              |       |     2 ||     2
  Use: Scroll            |       |     1 ||     1
 Stab: Sleeping          |     1 |       ||     1
       Distracted        |     1 |     1 ||     2
  Eat: Chunk             |     2 |     1 ||     3
       Meat ration       |       |     1 ||     1
Armor: Robe              |     9 |     1 ||    10
       Skin              |       |     4 ||     4
Dodge: Dodged            |    43 |    41 ||    84
Block: Other             |    12 |    19 ||    31
       Reflection        |     2 |       ||     2

Table legend:
 A = Spawn XP
 B = Non-spawn XP
 C = Spawn XP percentage of total XP
 D = Spawn monster count
 E = Non-spawn monster count
 F = Spawn count percentage of total count
 G = Total turns spent on level
                    A         B        C        D         E        F      G
               +---------+---------+-------+---------+---------+-------+---------
         Total |       0 |     483 |   0.0 |       0 |      55 |   0.0 |  2012
               +---------+---------+-------+---------+---------+-------+---------
           D:1 |       0 |      34 |   0.0 |       0 |      16 |   0.0 |   684
           D:2 |       0 |      77 |   0.0 |       0 |      15 |   0.0 |   360
           D:3 |       0 |      23 |   0.0 |       0 |      12 |   0.0 |   282
           D:4 |       0 |       4 |   0.0 |       0 |       2 |   0.0 |   229
           D:5 |       0 |      63 |   0.0 |       0 |       5 |   0.0 |   383
           D:6 |       0 |     282 |   0.0 |       0 |       5 |   0.0 |    74
               +---------+---------+-------+---------+---------+-------+---------

Table legend:
 A = Turns spent in this place as a percentage of turns spent in the entire game.
 B = Non-inter-level travel turns spent in this place as a percentage of non-inter-level travel turns spent in the entire game.
 C = Inter-level travel turns spent in this place as a percentage of turns spent in this place.
 D = Turns resting spent in this place as a percentage of non-inter-level travel turns spent in this place.
 E = Turns spent auto-exploring this place as a percentage of non-inter-level travel turns spent in this place.
 F = Non-inter-level travel turns spent in this place divided by the number of levels of this place that you've seen.
                   A       B       C       D       E      F
               +-------+-------+-------+-------+-------+----------------------
         Total | 100.0 | 100.0 |   9.4 |   0.0 |   0.0 | 303.7
       Dungeon | 100.0 | 100.0 |   9.4 |   0.0 |   0.0 | 303.7
               +-------+-------+-------+-------+-------+----------------------

Table legend:
 A = Kills in this place as a percentage of kills in entire the game.
 B = Kills by you in this place as a percentage of kills by you in the entire game.
 C = Kills by friends in this place as a percentage of kills by friends in the entire game.
 D = Other kills in this place as a percentage of other kills in the entire game.
 E = Experience gained in this place as a percentage of experience gained in the entire game.
 F = Experience gained in this place divided by the number of levels of this place that you have seen.
                   A       B       C       D       E      F
               +-------+-------+-------+-------+-------+----------------------
         Total | 100.0 | 100.0 | 100.0 |   N/A | 100.0 |  80.5
       Dungeon | 100.0 | 100.0 | 100.0 |   N/A | 100.0 |  80.5
               +-------+-------+-------+-------+-------+----------------------

Vault maps used:
D:1:      nicolae_arrival_somewhat_less_tricky_arrival
D:2:      lemuel_zombie_altar_kikubaaqudgha, makhleb_heckhound_becter,
          serial_curves, eino_curves_02, eino_curves_02, first_bread,
          hangedman_abyss_or_decor_lesser_grid
D:3:      lemuel_crystal_altar
D:5:      temple_doors_cd
D:6:      gup_sewer_entry_glass, nicolae_water_bricks, uniq_blork_the_orc,
          uniq_prince_ribbit1
